 Dungeon Crawl Stone Soup version 0.02-122-g12e50fee3c (webtiles) character file.

Game seed: 16483723684091301766, levelgen mode: deterministic

47 Lanoc the Skirmisher (level 3, 0/31 HPs) Immature Draconian Demonspawn. Began on Oct 2, 2020. Slain by a big kobold ... wielding a +0 dagger (6 damage) ... on level 2 of the Dungeon. The game lasted 00:01:12 (117 turns).

Lanoc the Skirmisher (Immature Draconian Demonspawn) Turns: 117, Time: 00:01:12

Health: 0/31       AC:  6    Str: 16    XL:     3 ^: 29
Magic:  7/7        EV: 13    Int: 12    God:
Gold:   0          SH:  0    Dex: 11    Spells: 6/7 levels left

rFire    . . .     Vision   .   a - +0 long sword
rCold    . . .     Gourm    .   (no weapon)
rNeg     . . .     Faith    .   (armour unavailable)
rPois    .         Spirit   .   (helmet restricted)
rElec    .         Reflect  .   (no cloak)
rCorr    .         Harm     .   (no gloves)
MR       .....                  (no boots)
Stlth    ++........             (no amulet)
HPRegen  0.20/turn              (no ring)
MPRegen  0.17/turn              (no ring)

@: no status effects
A: no body armour, unfitting armour, demonic guardian 1, cold-blooded, AC +6
a: Breathe Dart


You were on level 2 of the Dungeon.
You were not hungry.

You visited 1 branch of the dungeon, and saw 2 of its levels.

Inventory:

Weapons
 a - a +0 long sword (weapon)
Scrolls
 b - a scroll of amnesia
Comestibles
 c - 3 rations


   Skills:
 + Level 3.5 Fighting
 - Level 1.5 Long Blades
 + Level 3.0 Dodging
 - Level 1.3 Stealth
 - Level 2.6 Spellcasting
   Level 3.0 Invocations


You had 6 spell levels left.
You knew the following spells:

 Your Spells              Type           Power        Failure   Level  Hunger
a - Flame Tongue          Fire           1 (40)       26%         1    #......

Your spell library contained the following spells:

 Spells                   Type           Power        Failure   Level  Hunger
 Blink                    Tloc           N/A          36%         2    ###....
 Call Imp                 Summ           1 (100)      36%         2    ###....
 Slow                     Hex            1 (100)      36%         2    ###....
 Conjure Flame            Fire           1 (100)      58%         3    ###....
 Mephitic Cloud           Pois/Air       1 (100)      58%         3    ###....


Dungeon Overview and Level Annotations

Branches:
Dungeon (2/8)

Altars:


Innate Abilities, Weirdness & Mutations

You cannot fit into any form of body armour.
Your plain brown scales are hard. (AC +6)
You can breathe rudimentary magical darts.
A weak demonic guardian rushes to your aid.
You are cold-blooded and may be slowed by cold attacks.


Message History

You tail-slap the big kobold, but do no damage.
The big kobold is heavily wounded. (13/30) HP Your white imp barely misses the big kobold (0).
You barely miss the big kobold. You hit the big kobold (2).
The big kobold is severely wounded. (11/30) HP The kobold hits you but does no damage.
The big kobold barely misses you (0). The kobold misses your quasit (0).
The kobold barely misses you (0).
You riposte.
You hit the kobold (2).
The kobold is severely wounded. (1/3) HP You hit the big kobold (5).
The big kobold is almost dead. (6/30) HP You hit the big kobold but do no damage.
Your tail-slap misses the big kobold.
The big kobold is almost dead. (6/30) HP The big kobold hits you with a +0 dagger (5).
Your white imp barely misses the big kobold (0).
The kobold hits you with a +0 short sword (4).
* * * LOW HITPOINT WARNING * * *
The big kobold hits you with a +0 dagger (6).
You die...

.... .≈.≈≈≈. ≈≈b.
≈PPP.≈≈≈≈ ≈≈≈≈.
PPP..≈≈≈ ≈≈≈≈≈P
P≈.≈≈≈ .≈≈≈≈≈P#...#
#≈ #.≈≈≈P≈#...###
≈≈.#
..≈≈;PlKK5P..##≈..#
..≈≈≈§KK@5...≈#..##
#....§†#K..%......#
#.≈≈...#≈.†.......#
#≈≈≈≈≈≈#.?....≈..≈#
#≈≈≈≈≈≈##.....##≈##
#≈≈≈≈≈......<## #
#≈≈≈≈≈........≈#
#≈≈≈≈≈≈#....#.##
≈≈≈#≈≈P##.≈


You could see a big kobold, a cinder newt, 4 kobolds, a neutral slimehead
(wandering) (passive), a friendly quasit and a friendly white imp.

Vanquished Creatures
  A jelly (D:2)
  A cinder newt (D:1)
  A dart slug (D:1)
  A ball python (D:2)
  A giant cockroach (D:2)
  3 goblins (D:1)
  A hobgoblin (D:1)
  2 kobolds (D:2)
  3 bats
  A bat skeleton (D:2)
  2 rats (D:1)
17 creatures vanquished.

Vanquished Creatures (collateral kills)
  A leopard gecko (D:2)
  A kobold (D:2)
2 creatures vanquished.

Vanquished Creatures (others)
  38 withered plants (D:2)
38 creatures vanquished.

Grand Total: 57 creatures vanquished

Notes
Turn   | Place    | Note
-------+----------+-------------------------------------------
     0 | D:1      | Lanoc the Immature Draconian Demonspawn began the quest for
                  | the Orb.
     0 | D:1      | Reached XP level 1. HP: 18/18 MP: 4/4
    38 | D:1      | Gained mutation: A weak demonic guardian rushes to your
                  | aid. [demonic ancestry]
    38 | D:1      | Reached XP level 2. HP: 13/26 MP: 5/5
    96 | D:2      | Reached XP level 3. HP: 21/31 MP: 7/7
   100 | D:2      | Noticed a big kobold
   117 | D:2      | Slain by a big kobold

Levels and vault maps discovered:
D:1:      elethiomel_arrival_shortcut, layout_basic, minmay_misc_feat_five,
          nrook_loot_triangle
D:2:      layout_sewer, nicolae_ru_great_annihilating_truth, first_ration,
          chequers_ecumenical_altar_simple

Skill      XL: |  1  2 |
---------------+-------+-----
Fighting       | 3 |  3.5
Dodging        | 3 |  3.0
Long Blades    | |  1.5
Stealth        | |  1.3
Spellcasting   | |  2.6
Invocations    | |  3.0

Action                   || total
-------------------------++-------
Melee: Long sword        ||    44
       Unarmed           ||    34
       Tailslap          ||     3
Armor: Skin              ||    13
Dodge: Dodged            ||    53
       Rpst.: Long sword ||    15
       Unarmed           ||     8
